 Dungeon Crawl Stone Soup version 0.31-b1-18-g61460d1e46 (webtiles) character file.

Game seed: 13144051456530420461

7 Esekla the Sneak (level 2, 21/21 HPs)
             Began as an Octopode Delver on Jan 16, 2024.
             Quit the game on level 5 of the Dungeon.
             The game lasted 00:01:13 (75 turns).

Esekla the Sneak (Octopode Delver)                    Turns: 75, Time: 00:01:14

Health: 21/21      AC:  1    Str: 11    XL:     2   Next: 4%
Magic:  2/2        EV: 13    Int: 12    God:
Gold:   0          SH:  0    Dex: 13    Spells: 1/1 levels left

rFire   . . .        a - +0 falchion
rCold   . . .        (no shield)
rNeg    . . .        (helmet restricted)
rPois   .            (no amulet)
rElec   .            (no ring)
rCorr   .            (no ring)
SInv    +            (no ring)
Will    .....        (no ring)
Stlth   ++++         (no ring)
HPRegen 0.23/turn    (no ring)
MPRegen 0.08/turn    (no ring)
                     (no ring)

%: no passive effects
@: no status effects
A: almost no armour, amphibious, 8 rings, camouflage 1, gelatinous body 1,
(nimble swimmer 1), tentacles
a: no special abilities


You were on level 5 of the Dungeon.
You visited 1 branch of the dungeon, and saw 1 of its levels.

Inventory:

Hand Weapons
 a - a +0 falchion (weapon)
Wands
 f - a wand of digging (3)
Scrolls
 b - a scroll of fog
 d - a scroll of fear
 h - a scroll of blinking {unknown}
 i - a scroll of identify {unknown}
 j - a scroll of poison {unknown}
Potions
 e - a potion of haste
 g - 2 potions of enlightenment {unknown}


   Skills:
 * Level 3.1 Fighting
 * Level 2.0 Long Blades
 * Level 2.1 Dodging
 + Level 6.8 Stealth
 * Level 0.2 Spellcasting


You had one spell level left.
You didn't know any spells.
Your spell library was empty.

Dungeon Overview and Level Annotations

Branches:
Dungeon (5/15)
 Temple: D:4-7

Altars:


Innate Abilities, Weirdness & Mutations

You cannot wear most types of armour.
You are amphibious.
You can wear up to eight rings at the same time.
Your skin changes colour to match your surroundings (Stealth+).
Your rubbery body absorbs attacks. (AC +1, EV +1)
((You are camouflaged when in or above water. (Stealth+)))
You have tentacles for arms and can constrict up to eight enemies at once.


Message History

Welcome, Esekla the Octopode Delver.
The heart of this dungeon contains the wondrous artefact, the Orb of Zot.
Press ? for a list of commands and other information.
Found 2 fizzy inky potions.
Found a stone staircase leading down.
Found a scroll labelled PUR ZEUHUTEL.
Found a stone staircase leading up.
g - 2 fizzy inky potions
Found a scroll labelled ANTEUPP HIBUY.
A shadow imp comes into view.
Found a scroll labelled XAK WULONLI.
You see here a scroll labelled PUR ZEUHUTEL.
h - a scroll labelled PUR ZEUHUTEL
Found a stone staircase leading down.
An ice beast comes into view.
Found a stone staircase leading down.
A quokka comes into view.
You see here a scroll labelled XAK WULONLI.
i - a scroll labelled XAK WULONLI The shadow imp hits you.
You barely miss the shadow imp. You grab the shadow imp.
You tentacle-slap the shadow imp.
The shadow imp is lightly wounded.
You constrict the shadow imp. The shadow imp barely misses you.
You slash the shadow imp!
You kill the shadow imp!
You have reached level 2!
j - a scroll labelled ANTEUPP HIBUY
Okay, then.
As you read the scroll of revelation, it crumbles to dust.
You feel aware of your surroundings.
Are you sure you want to abandon this character and quit the game? (Confirm with "yes".)

#.##.####.##....#
########.##.####........
########.#...###.###.#.#
########.........# #....
########......>#.# #...#
#######..........# #...#
#######........### #>..#
#######......### #...#
######.@.....#######...#
######........<.........
######..###............#
######..#########..##.##
######..####### #..##.##
######..####### #..##...
######..#######*#..#####
######..#######*....,,,,
*,,,,*****#..###***


There were no monsters in sight!

Vanquished Creatures
  A shadow imp (D:5)
1 creature vanquished.

Notes
Turn   | Place    | Note
-------+----------+-------------------------------------------
     0 | D:5      | Esekla the Octopode Delver began the quest for the Orb.
     0 | D:5      | Reached XP level 1. HP: 16/16 MP: 1/1
    22 | D:5      | Noticed an ice beast
    69 | D:5      | Reached XP level 2. HP: 20/21 MP: 2/2
    75 | D:5      | Quit the game

Illustrated notes

Levels and vault maps discovered:
D:5:      wad_river_or_something, layout_loops_ring, item_on_display_a,
          uniq_ijyb, uniq_eustachio

Action                     || total
---------------------------++-------
  Melee: Falchion          ||     2
         Constrict         ||     1
         Punch             ||     1
    Use: Scroll            ||     1
 Armour: Skin              ||     1
  Dodge: Dodged            ||     1
